EVO
UNIVERSITY OF MICHIGAN WOLVERINES @ OKLAHOMA STATE UNIVERSITY COWBOYS
08/16/2045
 
TOP OF THE 1ST
University of Michigan Wolverines batting - Pitching for Oklahoma State University Cowboys : RHP Clifton Stannard
Pitching: RHP Clifton Stannard
Batting: RHB Gilbert Hoareau 0-0: SINGLE (Line Drive, 6M, EV 93.8 MPH)
Batting: LHB Afanasy Zasekin 0-0: Called Strike
Gilbert Hoareau steals 2nd base
0-1: Called Strike
Gilbert Hoareau steals 3rd base (no throw)
0-2: Ball
1-2: DOUBLE (Line Drive, 78D, EV 105.0 MPH)
Gilbert Hoareau scores
Batting: RHB Ricky Yerzy 0-0: Ball
1-0: Ball
2-0: Called Strike
2-1: Foul Ball, location: 2F
2-2: Strikes out looking
Batting: RHB Xiao-shuang Au 0-0: 2-RUN HOME RUN (Flyball, 78XD, EV 114.4 MPH), Distance : 436 ft
Batting: LHB Ken Morehead 0-0: Ball
1-0: Ball
2-0: Ball
3-0: Base on Balls
Batting: RHB Bryan Castor 0-0: Ball
1-0: Ball
2-0: Ball
3-0: Swinging Strike
3-1: Called Strike
3-2: Foul Ball, location: 2F
3-2: Base on Balls
Ken Morehead to second
Batting: RHB Alain Marquet 0-0: Called Strike
0-1: Swinging Strike
0-2: Strikes out swinging
Batting: LHB Dave Carlisle 0-0: Ball
1-0: Foul Ball, location: 2F
1-1: Foul Ball, location: 2F
1-2: Ball
2-2: Ball
3-2: Fly out, F8 (Flyball, 89XD, EV 83.1 MPH)
Top of the 1st over - 3 runs, 3 hits, 0 errors, 2 left on base; University of Michigan 3 - Oklahoma State University 0
BOTTOM OF THE 1ST
Oklahoma State University Cowboys batting - Pitching for University of Michigan Wolverines : RHP Shalom Diender
Pitching: RHP Shalom Diender
Batting: RHB Tony Cabrera 0-0: Ball
1-0: Ball
2-0: Foul Ball, location: 2F
2-1: Fly out, F7 (Line Drive, 7, EV 93.1 MPH)
Batting: RHB Mario Arriero 0-0: Ball
1-0: Fly out, F8 (Flyball, 89S, EV 88.8 MPH)
Batting: SHB Guy Jerome 0-0: Swinging Strike
0-1: Swinging Strike
0-2: Ball
1-2: Ground out 6-3 (Groundball, 6S, EV 69.4 MPH)
Bottom of the 1st over - 0 runs, 0 hits, 0 errors, 0 left on base; University of Michigan 3 - Oklahoma State University 0
TOP OF THE 2ND
University of Michigan Wolverines batting - Pitching for Oklahoma State University Cowboys : RHP Clifton Stannard
Batting: RHB Kazuki Arai 0-0: Foul Ball, location: 2F
0-1: Foul Ball, location: 2F
0-2: Ball
1-2: Foul Ball, location: 2F
1-2: Foul Ball, location: 2F
1-2: Ball
2-2: Strikes out swinging
Batting: RHB Gilbert Hoareau 0-0: Ball
1-0: Ball
2-0: Called Strike
2-1: Called Strike
2-2: Strikes out swinging
Batting: LHB Afanasy Zasekin 0-0: Foul Ball, location: 2F
0-1: Swinging Strike
0-2: Ball
1-2: Ball
2-2: SINGLE (Groundball, 4MD, EV 95.0 MPH)
Batting: RHB Ricky Yerzy 0-0: Ball
1-0: Foul Ball, location: 2F
1-1: Foul Ball, location: 2F
1-2: Ground out 5-3 (Groundball, 25, EV 88.8 MPH)
Top of the 2nd over - 0 runs, 1 hit, 0 errors, 1 left on base; University of Michigan 3 - Oklahoma State University 0
BOTTOM OF THE 2ND
Oklahoma State University Cowboys batting - Pitching for University of Michigan Wolverines : RHP Shalom Diender
Batting: RHB Masakuni Takeuchi 0-0: Ground out 5-3 (Groundball, 56S, EV 61.9 MPH)
Batting: RHB Dave de Wolff 0-0: SINGLE (Groundball, 6, EV 99.4 MPH)
Batting: RHB Ch'ang-chieh Hsia 0-0: Ball
1-0: Ball
2-0: Called Strike
2-1: Foul Ball, location: 2F
2-2: Fly out, F7 (Flyball, 78M, EV 82.5 MPH)
Batting: SHB Suzunosuke Yamaguchi 0-0: Called Strike
0-1: Ball
1-1: Swinging Strike
1-2: Fly out, F4 (Flyball, 3D, EV 80.0 MPH)
Bottom of the 2nd over - 0 runs, 1 hit, 0 errors, 1 left on base; University of Michigan 3 - Oklahoma State University 0
TOP OF THE 3RD
University of Michigan Wolverines batting - Pitching for Oklahoma State University Cowboys : RHP Clifton Stannard
Batting: RHB Xiao-shuang Au 0-0: Ball
1-0: Called Strike
1-1: Swinging Strike
1-2: Foul Ball, location: 2F
1-2: Fly out, F8 (Flyball, 8RM, EV 86.2 MPH)
Batting: LHB Ken Morehead 0-0: Ground out 5-3 (Groundball, 56S, EV 94.4 MPH)
Batting: RHB Bryan Castor 0-0: Called Strike
0-1: Foul Ball, location: 2F
0-2: Foul Ball, location: 2F
0-2: Ball
1-2: Strikes out swinging
Top of the 3rd over - 0 runs, 0 hits, 0 errors, 0 left on base; University of Michigan 3 - Oklahoma State University 0
BOTTOM OF THE 3RD
Oklahoma State University Cowboys batting - Pitching for University of Michigan Wolverines : RHP Shalom Diender
Batting: RHB Jay Hickman 0-0: Ball
1-0: Called Strike
1-1: Foul Ball, location: 2F
1-2: Ball
2-2: Strikes out swinging
Batting: LHB Israel Jaramillo 0-0: Swinging Strike
0-1: Ball
1-1: Called Strike
1-2: Ground out 4-3 (Groundball, 4, EV 105.6 MPH)
Batting: RHB Tony Cabrera 0-0: Called Strike
0-1: SINGLE (Groundball, 6MD, EV 106.2 MPH)
Batting: RHB Mario Arriero 0-0: Foul Ball, location: 2F
0-1: Ball
1-1: Ball
Tony Cabrera steals 2nd base
2-1: Ground out 4-3 (Groundball, 34, EV 80.6 MPH)
Bottom of the 3rd over - 0 runs, 1 hit, 0 errors, 1 left on base; University of Michigan 3 - Oklahoma State University 0
TOP OF THE 4TH
University of Michigan Wolverines batting - Pitching for Oklahoma State University Cowboys : RHP Clifton Stannard
Batting: RHB Alain Marquet 0-0: Swinging Strike
0-1: Ball
1-1: Foul Ball, location: 2F
1-2: Ball
2-2: Foul Ball, location: 2F
2-2: Strikes out swinging
Batting: LHB Dave Carlisle 0-0: Called Strike
0-1: Ball
1-1: SINGLE (Groundball, 4MD, EV 99.4 MPH)
Batting: RHB Kazuki Arai 0-0: Called Strike
0-1: Foul Ball, location: 2F
0-2: Ball
1-2: Foul Ball, location: 2F
1-2: Fielders Choice at 2nd, 5-4 (Groundball, 56, EV 88.8 MPH)
Pitching: LHP Joey Callanta
Batting: RHB Gilbert Hoareau 0-0: Ball
1-0: Fly out, F8 (Flyball, 8RM, EV 93.1 MPH)
Top of the 4th over - 0 runs, 1 hit, 0 errors, 1 left on base; University of Michigan 3 - Oklahoma State University 0
BOTTOM OF THE 4TH
Oklahoma State University Cowboys batting - Pitching for University of Michigan Wolverines : RHP Shalom Diender
Batting: SHB Guy Jerome 0-0: Called Strike
0-1: Ball
1-1: Swinging Strike
1-2: SINGLE (Line Drive, 8RS, EV 108.1 MPH)
Batting: RHB Masakuni Takeuchi 0-0: Ball
1-0: Fly out, F6 (Flyball, 56D, EV 78.1 MPH)
Batting: RHB Dave de Wolff 0-0: Called Strike
0-1: Ball
1-1: Foul Ball, location: 2F
1-2: Ball
2-2: 2-RUN HOME RUN (Flyball, 9LD, EV 93.1 MPH), Distance : 354 ft
Batting: RHB Ch'ang-chieh Hsia 0-0: Ground out U3 (Groundball, 34S, EV 85.6 MPH)
Batting: SHB Suzunosuke Yamaguchi 0-0: Called Strike
0-1: Ball
1-1: Ball
2-1: Ball
3-1: Foul Ball, location: 2F
3-2: Fly out, F4 (Line Drive, 4, EV 71.2 MPH)
Bottom of the 4th over - 2 runs, 2 hits, 0 errors, 0 left on base; University of Michigan 3 - Oklahoma State University 2
TOP OF THE 5TH
University of Michigan Wolverines batting - Pitching for Oklahoma State University Cowboys : LHP Joey Callanta
Batting: LHB Afanasy Zasekin 0-0: Foul Ball, location: 2F
0-1: Ball
1-1: Swinging Strike
1-2: Foul Ball, location: 2F
1-2: Foul Ball, location: 2F
1-2: Foul Ball, location: 2F
1-2: SINGLE (Groundball, 34D, EV 108.8 MPH)
Batting: RHB Ricky Yerzy 0-0: Ball
1-0: Ball
2-0: Ball
3-0: Base on Balls
Afanasy Zasekin to second
Batting: RHB Xiao-shuang Au 0-0: Ball
1-0: Ball
2-0: Ball
3-0: Called Strike
3-1: Called Strike
3-2: Foul Ball, location: 2F
3-2: Fly out, F9 (Flyball, 9, EV 79.4 MPH)
Batting: LHB Ken Morehead 0-0: Called Strike
0-1: Ball
1-1: Swinging Strike
1-2: Ball
2-2: Ball
3-2: Fly out, F9 (Flyball, 9S, EV 78.8 MPH)
Batting: RHB Bryan Castor 0-0: Swinging Strike
0-1: Ball
1-1: Called Strike
1-2: Ball
2-2: Fly out, F7 (Flyball, 7, EV 76.9 MPH)
Top of the 5th over - 0 runs, 1 hit, 0 errors, 2 left on base; University of Michigan 3 - Oklahoma State University 2
BOTTOM OF THE 5TH
Oklahoma State University Cowboys batting - Pitching for University of Michigan Wolverines : RHP Shalom Diender
Batting: RHB Jay Hickman 0-0: Ball
1-0: Swinging Strike
1-1: Fly out, F4 (Popup, 3S, EV 86.9 MPH)
Batting: LHB Israel Jaramillo 0-0: Called Strike
0-1: Swinging Strike
0-2: Ball
1-2: Strikes out swinging, 2-3 out at first.
Batting: RHB Tony Cabrera 0-0: Fly out, F7 (Flyball, 7S, EV 79.4 MPH)
Bottom of the 5th over - 0 runs, 0 hits, 0 errors, 0 left on base; University of Michigan 3 - Oklahoma State University 2
TOP OF THE 6TH
University of Michigan Wolverines batting - Pitching for Oklahoma State University Cowboys : LHP Joey Callanta
Batting: RHB Alain Marquet 0-0: Foul Ball, location: 2F
0-1: Ball
1-1: Ball
2-1: Ground out 5-3 (Groundball, 56, EV 102.5 MPH)
Batting: LHB Dave Carlisle 0-0: Ball
1-0: Foul Ball, location: 2F
1-1: Called Strike
1-2: Ball
2-2: Foul Ball, location: 2F
2-2: Foul Ball, location: 2F
2-2: Ball
3-2: Foul Ball, location: 2F
3-2: Foul Ball, location: 2F
3-2: Foul Ball, location: 2F
3-2: Fly out, F8 (Flyball, 8LXD, EV 110.6 MPH)
Pitching: LHP Ryan Fischer
Batting: RHB Kazuki Arai 0-0: Ball
1-0: Ball
2-0: Called Strike
2-1: Fly out, F8 (Line Drive, 8RD, EV 92.5 MPH)
Top of the 6th over - 0 runs, 0 hits, 0 errors, 0 left on base; University of Michigan 3 - Oklahoma State University 2
BOTTOM OF THE 6TH
Oklahoma State University Cowboys batting - Pitching for University of Michigan Wolverines : RHP Shalom Diender
Batting: RHB Mario Arriero 0-0: Ball
1-0: Swinging Strike
1-1: Called Strike
1-2: Fly out, F8 (Flyball, 8RM, EV 81.2 MPH)
Batting: SHB Guy Jerome 0-0: Foul Ball, location: 2F
0-1: Called Strike
0-2: Foul Ball, location: 2F
0-2: Foul Ball, location: 2F
0-2: Ball
1-2: Fly out, F3 (Popup, 3L, EV 70.6 MPH)
Batting: RHB Masakuni Takeuchi 0-0: Called Strike
0-1: Ball
1-1: Ball
2-1: Foul Ball, location: 2F
2-2: Strikes out swinging
Bottom of the 6th over - 0 runs, 0 hits, 0 errors, 0 left on base; University of Michigan 3 - Oklahoma State University 2
TOP OF THE 7TH
University of Michigan Wolverines batting - Pitching for Oklahoma State University Cowboys : LHP Ryan Fischer
Batting: RHB Gilbert Hoareau 0-0: TRIPLE (Flyball, 89XD, EV 103.1 MPH)
Batting: LHB Afanasy Zasekin 0-0: Swinging Strike
0-1: Swinging Strike
0-2: Ball
1-2: Ball
2-2: Strikes out looking
Batting: RHB Ricky Yerzy 0-0: Ball
1-0: Ball
2-0: Ball
3-0: Called Strike
3-1: Base on Balls
Batting: RHB Xiao-shuang Au 0-0: Called Strike
0-1: Ball
1-1: Called Strike
1-2: Ball
2-2: Strikes out swinging
Batting: LHB Ken Morehead 0-0: Called Strike
0-1: Ball
1-1: Ball
2-1: Called Strike
2-2: Strikes out swinging
Top of the 7th over - 0 runs, 1 hit, 0 errors, 2 left on base; University of Michigan 3 - Oklahoma State University 2
BOTTOM OF THE 7TH
Oklahoma State University Cowboys batting - Pitching for University of Michigan Wolverines : RHP Shalom Diender
Batting: RHB Dave de Wolff 0-0: Ball
1-0: Foul Ball, location: 2F
1-1: Ball
2-1: Ball
3-1: Base on Balls
Batting: RHB Ch'ang-chieh Hsia 0-0: Ball
1-0: Fielders Choice at 2nd, 3-6 (Groundball, 34, EV 83.8 MPH)
Batting: SHB Suzunosuke Yamaguchi 0-0: Fly out, F7 (Flyball, 7LM, EV 88.8 MPH)
Pinch Hitting: RHB Josh Patterson 0-0: SINGLE (Flyball, 89S, EV 90.0 MPH)
Ch'ang-chieh Hsia to second
Runner from 2nd tries for 3rd, SAFE, throw by RF made to third
Batting: LHB Israel Jaramillo 0-0: Fly out, F5 (Line Drive, 56, EV 88.1 MPH)
Bottom of the 7th over - 0 runs, 1 hit, 0 errors, 2 left on base; University of Michigan 3 - Oklahoma State University 2
TOP OF THE 8TH
University of Michigan Wolverines batting - Pitching for Oklahoma State University Cowboys : LHP Ryan Fischer
Now at 3B: Mario Martinez
Batting: RHB Bryan Castor 0-0: Called Strike
0-1: Ball
1-1: Ball
2-1: Foul Ball, location: 2F
2-2: Foul Ball, location: 2F
2-2: Ball
3-2: Foul Ball, location: 2F
3-2: Base on Balls
Batting: RHB Alain Marquet 0-0: Ball
1-0: Ball
2-0: Ball
3-0: Base on Balls
Bryan Castor to second
Pitching: RHP Matt Elliott
Batting: LHB Dave Carlisle 0-0: Called Strike
0-1: Foul Ball, location: 2F
0-2: Fly out, F9 (Flyball, 9S, EV 79.4 MPH)
Batting: RHB Kazuki Arai 0-0: Called Strike
0-1: Swinging Strike
0-2: Fly out, F7 (Flyball, 78M, EV 75.0 MPH)
Pinch Hitting: LHB Dusty Bryant 0-0: Foul Ball, location: 2F
0-1: Ball
1-1: Foul Ball, location: 2F
1-2: Ball
2-2: Foul Ball, location: 2F
2-2: Ball
3-2: DOUBLE (Groundball, 3L, EV 99.4 MPH)
Bryan Castor scores
Alain Marquet to third
Alain Marquet scores
Batting: LHB Afanasy Zasekin 0-0: Ball
1-0: Ball
2-0: Foul Ball, location: 2F
2-1: Called Strike
2-2: Ball
3-2: Strikes out swinging
Top of the 8th over - 2 runs, 1 hit, 0 errors, 1 left on base; University of Michigan 5 - Oklahoma State University 2
BOTTOM OF THE 8TH
Oklahoma State University Cowboys batting - Pitching for University of Michigan Wolverines : RHP Shalom Diender
Now in CF: George Wagner
Batting: RHB Tony Cabrera 0-0: Ground out 4-3 (Groundball, 4M, EV 105.0 MPH)
Batting: RHB Mario Arriero 0-0: Fly out, F8 (Flyball, 8RD, EV 89.4 MPH)
Batting: SHB Guy Jerome 0-0: Called Strike
0-1: Ball
1-1: Ball
2-1: Swinging Strike
2-2: Foul Ball, location: 2F
2-2: Foul Ball, location: 2F
2-2: Fly out, F7 (Flyball, 78D, EV 101.9 MPH)
Bottom of the 8th over - 0 runs, 0 hits, 0 errors, 0 left on base; University of Michigan 5 - Oklahoma State University 2
TOP OF THE 9TH
University of Michigan Wolverines batting - Pitching for Oklahoma State University Cowboys : RHP Matt Elliott
Pitching: LHP Ronnie Pickering
Batting: RHB Ricky Yerzy 0-0: Ball
1-0: Called Strike
1-1: Called Strike
1-2: Strikes out swinging
Batting: RHB Xiao-shuang Au 0-0: Swinging Strike
0-1: Ball
1-1: Foul Ball, location: 2F
1-2: Ball
2-2: Strikes out swinging
Batting: LHB Ken Morehead 0-0: Ball
1-0: Foul Ball, location: 2F
1-1: Called Strike
1-2: Ball
2-2: Ball
3-2: Strikes out looking
Top of the 9th over - 0 runs, 0 hits, 0 errors, 0 left on base; University of Michigan 5 - Oklahoma State University 2
BOTTOM OF THE 9TH
Oklahoma State University Cowboys batting - Pitching for University of Michigan Wolverines : RHP Shalom Diender
Pitching: RHP Befikadu Mthuthuzeli
Batting: RHB Masakuni Takeuchi 0-0: Foul Ball, location: 2F
0-1: Foul Ball, location: 2F
0-2: Ball
1-2: Strikes out swinging
Batting: RHB Dave de Wolff 0-0: Called Strike
0-1: SOLO HOME RUN (Line Drive, 89XD, EV 112.5 MPH), Distance : 425 ft
Batting: RHB Ch'ang-chieh Hsia 0-0: Ground out 6-3 (Groundball, 6, EV 85.0 MPH)
Batting: SHB Suzunosuke Yamaguchi 0-0: Ball
1-0: Called Strike
1-1: Called Strike
1-2: SINGLE (Groundball, 25, EV 72.5 MPH) (infield hit)
Pinch Hitting: LHB Leo Puentes 0-0: Called Strike
0-1: Ball
1-1: Ball
2-1: SINGLE (Groundball, 6D, EV 102.5 MPH)
Suzunosuke Yamaguchi to second
Batting: LHB Israel Jaramillo 0-0: Ball
1-0: Ball
2-0: Called Strike
2-1: Called Strike
2-2: Foul Ball, location: 2F
2-2: Strikes out looking
Bottom of the 9th over - 1 run, 3 hits, 0 errors, 2 left on base; University of Michigan 5 - Oklahoma State University 3
Wednesday, June 22nd , 2022 - OOTP Baseball 23.4 Build 64